[Event "*** Titled Tuesday Blitz"]
[Site "Chess.com"]
[Date "2018.11.06"]
[Round "3"]
[White "saikrishnaReturns"]
[Black "Kangoroo3000"]
[Result "1-0"]
[WhiteElo "2620"]
[BlackElo "2510"]
[TimeControl "180+2"]
[EndTime "13:32:59 PST"]
[Termination "saikrishnaReturns won by resignation"]

1. e4 e6 2. d3 d5 3. Nd2 c5 4. Ngf3 Nf6 5. g3 Nc6 6. Bg2 g6 7.
O-O Bg7 8. Re1 O-O 9. c3 b6 10. Nf1 a5 11. e5 Nd7 12. Bf4 a4 13. h4 a3 14. b3 Ba6 15. N1h2 b5 16. Ng4 h5 17. Nh6+ Kh7 18. Ng5+ 1-0

[Event "*** Titled Tuesday Blitz"]
[Site "Chess.com"]
[Date "2018.11.06"]
[Round "3"]
[White "Ar4uha"]
[Black "Alexander_Moskalenko"]
[Result "1/2-1/2"]
[WhiteElo "2604"]
[BlackElo "2869"]
[TimeControl "180+2"]
[EndTime "13:33:28 PST"]
[Termination "Game drawn by agreement"]

1. e4 c5 2. Nf3 d6 3. Bb5+ Bd7 4. Bxd7+ Nxd7 5. O-O Rc8 6. c4 g6 7. Nc3 Bg7 8. b3 Ngf6 9. Qe2 Ne5 10. Bb2 Nc6 11.
Nd5 O-O 12. d3 e5 13. Nxf6+ Qxf6 14. Ne1 Qh4 15. Nc2 f5 16. g3 Qh3 17. f3 Bh6 18.
Qg2 Qxg2+ 19. Kxg2 fxe4 20. fxe4 Rxf1 21. Rxf1 1/2-1/2

[Event "*** Titled Tuesday Blitz"]
[Site "Chess.com"]
[Date "2018.11.06"]
[Round "3"]
[White "Pudor"]
[Black "NMJeevanK"]
[Result "1-0"]
[WhiteElo "2312"]
[BlackElo "2416"]
[TimeControl "180+2"]
[EndTime "13:34:55 PST"]
[Termination "Pudor won by resignation"]

1. d4 Nf6 2. c4 e6 3. Nc3 d5 4.
cxd5 exd5 5. Bg5 c6 6. e3 Bb4 7. Bd3 h6 8. Bh4 Nbd7 9. Nf3 Qc7 10. O-O Bxc3 11. bxc3 Ne4 12. c4 O-O 13. Qc2 Nef6 14. cxd5 Nxd5 15. Bg3 Qa5 16. a3 N7f6 17. e4 Nb6 18. e5 Nfd5 19. Qe2 f5 20. exf6 Nxf6 21. Ne5 Bg4 22. Nxg4 1-0

[Event "*** Titled Tuesday Blitz"]
[Site "Chess.com"]
[Date "2018.11.06"]
[Round "3"]
[White "Vrolijk"]
[Black "Oneofmyturns"]
[Result "1-0"]
[WhiteElo "2650"]
[BlackElo "2498"]
[TimeControl "180+2"]
[EndTime "13:35:01 PST"]
[Termination "Vrolijk won by resignation"]

1. d4 Nf6 2. c4 g6 3. Nc3 d5 4. cxd5 Nxd5 5. e4 Nxc3 6. bxc3 Bg7 7. Nf3 c5 8. Be3 Qa5 9. Qd2 cxd4 10. cxd4 Qxd2+ 11. Kxd2 O-O 12. Rb1 Nc6 13. Bd3 Rd8 14.
d5 Na5 15. Ke2 Bd7 16. Rhc1 e6 17. d6 e5 18. Rc7 f6 19. Bd2 b6 20. Bxa5 bxa5 21. Rbb7 1-0

[Event "*** Titled Tuesday Blitz"]
[Site "Chess.com"]
[Date "2018.11.06"]
[Round "3"]
[White "DrVitman"]
[Black "johnathan113"]
[Result "1-0"]
[WhiteElo "2628"]
[BlackElo "2509"]
[TimeControl "180+2"]
[EndTime "13:35:04 PST"]
[Termination "DrVitman won by resignation"]

1. d4 Nf6 2. Nf3 g6 3. Bf4 Bg7 4. e3 O-O 5. h3 c5 6. c3 d6 7.
Nbd2 Nc6 8. Be2 cxd4 9. exd4 Nd5 10. Bh2 e5 11. dxe5 dxe5 12. O-O Re8 13. Ne4 h6 14. Bc4 Nb6 15. Bb3 Be6 16. Nc5 Bxb3 17. axb3 Qe7 18. b4 Rad8 19. Qb3 e4 20. Rfe1 exf3 21.
Rxe7 Rxe7 22. gxf3 Kh7 23. Rd1 Kg8 24. b5 1-0

[Event "*** Titled Tuesday Blitz"]
[Site "Chess.com"]
[Date "2018.11.06"]
[Round "3"]
[White "matiss90"]
[Black "Paparama_1917"]
[Result "0-1"]
[WhiteElo "2407"]
[BlackElo "2581"]
[TimeControl "180+2"]
[EndTime "13:35:08 PST"]
[Termination "Paparama_1917 won by resignation"]

1. e4 c5 2. Nf3 e6 3. d4 cxd4 4. Nxd4 a6 5. Nc3 Qc7 6. Bd3 Nc6 7. Nxc6 bxc6 8. O-O d5 9. Re1 Nf6 10. Bg5 Be7 11.
Bxf6 gxf6 12. exd5 cxd5 13. Qh5 Rb8 14. b3 Qxc3 15.
Rad1 Rb4 16. a3 Rd4 17. h3 Bd7 18. a4 h6 19. Re3 Qc5 20. Rde1 Rf4 21. c4 dxc4 22. Qxc5 Bxc5 23. Re4 0-1

[Event "*** Titled Tuesday Blitz"]
[Site "Chess.com"]
[Date "2018.11.06"]
[Round "3"]
[White "HanSchut"]
[Black "dragosceres"]
[Result "0-1"]
[WhiteElo "2299"]
[BlackElo "2411"]
[TimeControl "180+2"]
[EndTime "13:35:10 PST"]
[Termination "dragosceres won by resignation"]

1. e4 e6 2. d4 d5 3. Nc3 Nf6 4. Bg5 dxe4 5. Nxe4 Be7 6. Bxf6 gxf6 7. Nf3 f5 8. Ng3 h5 9. h4 b6 10. Be2 Bb7 11.
Qd2 Qd6 12. O-O-O Nd7 13. Qe3 O-O-O 14. Ng5 f4 15. Qb3 Bxg5 16. Nxh5 f3+ 0-1

[Event "*** Titled Tuesday Blitz"]
[Site "Chess.com"]
[Date "2018.11.06"]
[Round "3"]
[White "David_Paravyan"]
[Black "Gr3egor"]
[Result "0-1"]
[WhiteElo "2755"]
[BlackElo "2482"]
[TimeControl "180+2"]
[EndTime "13:35:13 PST"]
[Termination "Gr3egor won by resignation"]

1. e4 e5 2. Nf3 Nc6 3. Bc4 Bc5 4. c3 Nf6 5. d3 O-O 6. O-O d5 7. exd5 Nxd5 8. h3 h6 9. Re1 Nb6 10. Bb5 Bd6 11. Bxc6 bxc6 12. Nxe5 Bb7 13. Bf4 c5 14. Nd2 Qf6 15. Bg3 Rfe8 16. Ng4 Qg6 17. Ne4 f5 18.
Nxd6 cxd6 19. Qb3+ Kh7 20. Qa3 fxg4 21. hxg4 Qxd3 22.
Red1 Qe4 23. f3 Qe3+ 24. Bf2 Qf4 25. Re1 Bxf3 26. Rxe8 Rxe8 27. Qxa7 Qxg4 0-1

[Event "*** Titled Tuesday Blitz"]
[Site "Chess.com"]
[Date "2018.11.06"]
[Round "3"]
[White "JosefineHeinemann"]
[Black "Barcelona_Guy"]
[Result "0-1"]
[WhiteElo "2346"]
[BlackElo "2477"]
[TimeControl "180+2"]
[EndTime "13:35:15 PST"]
[Termination "Barcelona_Guy won by resignation"]

1. e4 e5 2. Nf3 d6 3. d4 exd4 4.
Nxd4 Nf6 5. Nc3 Be7 6. g3 O-O 7. Bg2 Bg4 8. Nde2 Nc6 9. O-O Qd7 10. f3 Bh3 11. Be3 Rfe8 12. b3 Bf8 13. Qd2 g6 14. Rad1 Bg7 15. a4 a6 16. Nf4 Bxg2 17. Kxg2 Ne5 18. Ncd5 Nxd5 19. Nxd5 Nc6 20. c4 Re6 21. Nf4 Re5 22. Qc2 b6 23. Rd2 Rf8 24. Rfd1 f5 25. exf5 Rxe3 26. fxg6 h6 27. Qc1 Rxb3 28. Re2 Ne5 29.
c5 Qc6 30. Nd5 Qxc5 0-1

[Event "*** Titled Tuesday Blitz"]
[Site "Chess.com"]
[Date "2018.11.06"]
[Round "3"]
[White "Boorchess"]
[Black "Korchmar_Vasiliy"]
[Result "0-1"]
[WhiteElo "2440"]
[BlackElo "2699"]
[TimeControl "180+2"]
[EndTime "13:35:21 PST"]
[Termination "Korchmar_Vasiliy won by resignation"]

1. e4 c5 2. c3 Nf6 3. e5 Nd5 4. d4 cxd4 5. Nf3 e6 6. Bc4 d6 7.
cxd4 Be7 8. O-O O-O 9. Qe2 b6 10. Nbd2 Bb7 11. Ne4 dxe5 12. dxe5 Nd7 13. Re1 Rc8 14.
a3 Qc7 15. Ba6 Bxa6 16. Qxa6 Nxe5 17. Nd4 Qc4 18. Qxc4 Rxc4 19. Nb5 Nd3 20. Nd2 Rc5 21. b4 Rxb5 22. Re4 Rc8 23. Nc4 Nc3 24. Rg4 Nxc1 25. h4 N1e2+ 26. Kh2 h5 27. a4 0-1

[Event "*** Titled Tuesday Blitz"]
[Site "Chess.com"]
[Date "2018.11.06"]
[Round "3"]
[White "burbur555"]
[Black "VladimirPotkin"]
[Result "1-0"]
[WhiteElo "2539"]
[BlackElo "2567"]
[TimeControl "180+2"]
[EndTime "13:35:27 PST"]
[Termination "burbur555 won by resignation"]

1. d4 Nf6 2. Nf3 d5 3. g3 c6 4. c4 g6 5. Qb3 Bg7 6. Bg2 O-O 7. O-O Qb6 8. Nc3 Rd8 9. Na4 Qa6 10. cxd5 cxd5 11. Nc5 Qxe2 12. Nxb7 Nc6 13. Nxd8 Nxd8 14. Re1 Qa6 15. Rxe7 Nc6 16. Re1 Be6 17. Be3 Rb8 18. Qa3 Qb7 19. Rec1 Ne4 20. Qb3 Qa6 21. Rxc6 1-0

[Event "*** Titled Tuesday Blitz"]
[Site "Chess.com"]
[Date "2018.11.06"]
[Round "3"]
[White "ruvat"]
[Black "nOcHeaTiNgKiD"]
[Result "0-1"]
[WhiteElo "2292"]
[BlackElo "2458"]
[TimeControl "180+2"]
[EndTime "13:35:28 PST"]
[Termination "nOcHeaTiNgKiD won by checkmate"]

1. d4 Nf6 2. c4 g6 3. Nf3 Bg7 4. g3 c5 5. Bg2 Qa5+ 6. Bd2 Qb6 7. Bc3 O-O 8. Qb3 Nc6 9. d5 Na5 10. Qxb6 axb6 11. Nbd2 b5 12. b3 bxc4 13. bxc4 d6 14. Rb1 Bf5 15. Rb5 Nxc4 16. Nxc4 Rxa2 17. Nfd2 Rc2 18.
Bxf6 Rc1# 0-1

[Event "*** Titled Tuesday Blitz"]
[Site "Chess.com"]
[Date "2018.11.06"]
[Round "3"]
[White "tteshan"]
[Black "ajkom197"]
[Result "0-1"]
[WhiteElo "2142"]
[BlackElo "2339"]
[TimeControl "180+2"]
[EndTime "13:35:30 PST"]
[Termination "ajkom197 won by resignation"]

1. d4 e6 2. c4 Nf6 3. Nc3 d5 4.
cxd5 exd5 5. Bg5 Be7 6. e3 O-O 7. Bd3 c6 8. Nge2 h6 9. Bh4 Re8 10. O-O Ne4 11. Bxe7 Qxe7 12. Bxe4 dxe4 13. Ng3 f5 14.
Qh5 Qf7 15. Qxf7+ Kxf7 16. Rfd1 Be6 17. d5 cxd5 18. Nxd5 Na6 19. Rac1 Rac8 20. Nf4 g5 21. Nxe6 Kxe6 22. Ne2 Nb4 23. Nd4+ Ke5 24. a3 Nd3 25. Rxc8 Rxc8 26. b4 Rc3 27. Nb5 Rc2 28. Nxa7 Nxf2 29. Rf1 Nd3 30. Nb5 f4 31. Nd4 Ra2 32. Nb5 fxe3 33. Nc3 Rc2 0-1

[Event "*** Titled Tuesday Blitz"]
[Site "Chess.com"]
[Date "2018.11.06"]
[Round "3"]
[White "DiogenesSinopeus"]
[Black "Malev212"]
[Result "0-1"]
[WhiteElo "2421"]
[BlackElo "2617"]
[TimeControl "180+2"]
[EndTime "13:35:35 PST"]
[Termination "Malev212 won by resignation"]

1. d4 g6 2. c4 Bg7 3. Nc3 d6 4. Nf3 Nf6 5. e4 O-O 6. Be2 Nc6 7. d5 Nb4 8. O-O a5 9. h3 Na6 10. Re1 Nc5 11. Bf1 e6 12. Bg5 h6 13. Bh4 Re8 14.
Qc2 e5 15. b3 g5 16. Bg3 Nh5 17. a3 Rf8 18. b4 axb4 19. axb4 Rxa1 20. Rxa1 Na6 21. Rb1 f5 22. exf5 Bxf5 23. Bd3 Bxd3 24. Qxd3 Nf4 25. Qc2 Nxh3+ 26. Kh2 Nf4 27. Ne4 Qe8 28.
Kg1 Qh5 29. Rb3 Qg6 30. Nfd2 Ne2+ 31. Kh1 Qh5+ 32. Bh2 Nd4 33. Qd3 Qd1+ 34. Nf1 Qxb3 0-1

[Event "*** Titled Tuesday Blitz"]
[Site "Chess.com"]
[Date "2018.11.06"]
[Round "3"]
[White "PowerThinking2650"]
[Black "AkibaRubi"]
[Result "1-0"]
[WhiteElo "2304"]
[BlackElo "2512"]
[TimeControl "180+2"]
[EndTime "13:35:40 PST"]
[Termination "PowerThinking2650 won by resignation"]

1. e4 c5 2. Nf3 Nc6 3. d4 cxd4 4. Nxd4 g6 5. c4 Bg7 6. Be3 d6 7. Nc3 Nf6 8. f3 O-O 9. Qd2 Nd7 10. h4 Nde5 11. h5 Nxd4 12. Bxd4 Be6 13. Nd5 Nxf3+ 14. gxf3 Bxd4 15. Qxd4 1-0

[Event "*** Titled Tuesday Blitz"]
[Site "Chess.com"]
[Date "2018.11.06"]
[Round "3"]
[White "dretch"]
[Black "NateSolon"]
[Result "1-0"]
[WhiteElo "2784"]
[BlackElo "2518"]
[TimeControl "180+2"]
[EndTime "13:35:41 PST"]
[Termination "dretch won by resignation"]

1. d4 d5 2. c4 dxc4 3. e3 e5 4.
Bxc4 exd4 5. exd4 Bd6 6. Nf3 Nf6 7. Qe2+ Qe7 8. Qxe7+ Bxe7 9. O-O Nbd7 10. Re1 Nb6 11.
Bb3 Nfd5 12. Nc3 c6 13. Bg5 f6 14. Bd2 Kf7 15. h3 Be6 16. Re2 Rhe8 17. Rae1 Bf8 18.
Ne4 h6 19. a3 Nc7 20. Bxe6+ Nxe6 21. Bb4 Bxb4 22. axb4 Nf4 23. Nd6+ 1-0

[Event "*** Titled Tuesday Blitz"]
[Site "Chess.com"]
[Date "2018.11.06"]
[Round "3"]
[White "Zq1"]
[Black "bascheyaro"]
[Result "0-1"]
[WhiteElo "2491"]
[BlackElo "2720"]
[TimeControl "180+2"]
[EndTime "13:35:46 PST"]
[Termination "bascheyaro won by resignation"]

1. d4 e6 2. c4 d5 3. Nc3 Nf6 4. Nf3 c6 5. e3 Bd6 6. Bd3 Nbd7 7. O-O O-O 8. e4 dxe4 9. Nxe4 Nxe4 10.
Bxe4 h6 11. Bc2 Nf6 12. b3 b6 13. Bb2 Bb7 14. Qd3 Re8 15. Rad1 Qe7 16. Rfe1 Rad8 17.
h3 Ba3 18. Ba1 Bb4 19. Re2 Kf8 20. Ne5 Bd6 21. Ng4 Nxg4 22. Qh7 Qh4 23. d5 Nf6 24. Bxf6 Qxf6 25. Rde1 e5 26. f4 g6 27. Qxh6+ Qg7 28. Qxg7+ Kxg7 29. fxe5 Bc5+ 30. Kh1 cxd5 0-1

[Event "*** Titled Tuesday Blitz"]
[Site "Chess.com"]
[Date "2018.11.06"]
[Round "3"]
[White "Mikhail_Golubev"]
[Black "PeshkaNavalnogo12"]
[Result "1-0"]
[WhiteElo "2426"]
[BlackElo "2457"]
[TimeControl "180+2"]
[EndTime "13:35:48 PST"]
[Termination "Mikhail_Golubev won by resignation"]

1. e4 c5 2. Nf3 d6 3. d4 cxd4 4. Nxd4 Nf6 5. Nc3 a6 6. Bc4 e6 7. Bb3 Nc6 8. Be3 Qc7 9. f4 Be7 10. O-O Na5 11. f5 Nxb3 12. axb3 e5 13. Nde2 Qc6 14.
Ng3 O-O 15. Nh5 Nxh5 16. Qxh5 g6 17. Qh6 Bf6 18. fxg6 fxg6 19. Nd5 Bf5 20. Rxf5 gxf5 21. Nxf6+ Rxf6 22. Qxf6 Qxe4 23. Qe6+ Kh8 24. Bg5 h6 25. Bf6+ 1-0

[Event "*** Titled Tuesday Blitz"]
[Site "Chess.com"]
[Date "2018.11.06"]
[Round "3"]
[White "MatyChess1"]
[Black "jcibarra"]
[Result "1-0"]
[WhiteElo "2517"]
[BlackElo "2606"]
[TimeControl "180+2"]
[EndTime "13:35:51 PST"]
[Termination "MatyChess1 won by resignation"]

1. e4 e6 2. d3 d5 3. Qe2 Nc6 4. Nf3 Nf6 5. g3 dxe4 6. dxe4 Bc5 7. c3 a5 8. a4 b6 9. Qc2 Ng4 10. Bb5 Bb7 11. Nd4 Ne5 12. Be3 O-O 13. Nxc6 Bxc6 14. Bxc6 Nxc6 15. Bxc5 bxc5 16. Nd2 Ne5 17. f4 Qd3 18.
Qxd3 Nxd3+ 19. Ke2 Nxb2 20. Ra2 Rab8 21. Rb1 Nd3 22. Kxd3 Rfd8+ 23. Ke3 1-0

[Event "*** Titled Tuesday Blitz"]
[Site "Chess.com"]
[Date "2018.11.06"]
[Round "3"]
[White "JeremDev"]
[Black "TastyFrenchFries"]
[Result "0-1"]
[WhiteElo "2278"]
[BlackElo "2388"]
[TimeControl "180+2"]
[EndTime "13:36:03 PST"]
[Termination "TastyFrenchFries won by resignation"]

1. e4 e6 2. Nf3 d5 3. e5 c5 4. b4 cxb4 5. a3 Nc6 6. axb4 Bxb4 7. c3 Be7 8. d4 Bd7 9. Bd3 f5 10. h3 Nh6 11. g4 Nf7 12. gxf5 exf5 13. c4 Be6 14. cxd5 Bxd5 15. Be3 f4 16. Bxf4 Bxf3 17. Qxf3 Qxd4 18. Ra2 O-O 19. Qe4 Qxe4+ 20. Bxe4 Bb4+ 21. Nd2 Nfxe5 22. O-O Rxf4 0-1

[Event "*** Titled Tuesday Blitz"]
[Site "Chess.com"]
[Date "2018.11.06"]
[Round "3"]
[White "2Tilted"]
[Black "nearestway"]
[Result "0-1"]
[WhiteElo "2412"]
[BlackElo "2512"]
[TimeControl "180+2"]
[EndTime "13:36:07 PST"]
[Termination "nearestway won by resignation"]

1. d4 d5 2. c4 e6 3. Nc3 a6 4.
cxd5 exd5 5. Nf3 Nf6 6. Bg5 Be6 7. e3 Nbd7 8. Bd3 h6 9. Bh4 c6 10. O-O Bd6 11. Rb1 O-O 12. b4 b5 13. Qc2 a5 14.
a3 Qc7 15. Rfc1 Rfc8 16. Ne2 axb4 17. axb4 Bg4 18. h3 Bxf3 19. gxf3 Qd8 20. e4 dxe4 21. fxe4 Be7 22. Bg3 Nf8 23. Kh2 Ne6 24. e5 Nd5 25. Qd2 Ra3 26. f4 Bxb4 27. Qd1 Ne3 28. Qg1 Bd2 29.
f5 Nxd4 30. f6 Nf3+ 0-1

[Event "*** Titled Tuesday Blitz"]
[Site "Chess.com"]
[Date "2018.11.06"]
[Round "3"]
[White "MFBerna"]
[Black "novocane"]
[Result "1-0"]
[WhiteElo "2365"]
[BlackElo "2176"]
[TimeControl "180+2"]
[EndTime "13:36:11 PST"]
[Termination "MFBerna won by resignation"]

1. e4 c5 2. Nf3 Nc6 3. d4 cxd4 4. Nxd4 e5 5. Nb5 d6 6. N1c3 a6 7. Na3 Be7 8. Nd5 Nf6 9. Nxf6+ Bxf6 10. Nc4 O-O 11.
a4 Be6 12. Be3 Be7 13. Nb6 Rb8 14. a5 Bg5 15. Qd2 Bxe3 16. Qxe3 f5 17. exf5 Rxf5 18. Bd3 Rf4 19. O-O Qg5 20. c3 Rbf8 21. Ra4 Rxa4 22. Qxg5 1-0

[Event "*** Titled Tuesday Blitz"]
[Site "Chess.com"]
[Date "2018.11.06"]
[Round "3"]
[White "abubakrtagelsir"]
[Black "mouseWLZ"]
[Result "0-1"]
[WhiteElo "2364"]
[BlackElo "2236"]
[TimeControl "180+2"]
[EndTime "13:36:13 PST"]
[Termination "mouseWLZ won by resignation"]

1. e4 e6 2. d4 d5 3. Nc3 Nf6 4.
e5 Nfd7 5. f4 c5 6. Nf3 Nc6 7.
Be3 Be7 8. Qd2 O-O 9. Be2 a6 10.
O-O b5 11. Kh1 b4 12. Nd1 f5 13. exf6 Nxf6 14. dxc5 Ne4 15. Qe1 Bxc5 16. Bxc5 Nxc5 17.
Ne5 Nxe5 18. fxe5 Rxf1+ 19. Bxf1 Qf8 20. Nf2 Bd7 21. Nd3 Nxd3 22. Bxd3 Qf4 23. Qg3 Qxg3 24. hxg3 a5 25. a3 bxa3 26. Rxa3 a4 27. Kg1 Kf7 28.
b3 Bc6 29. bxa4 Rxa4 30. Rxa4 Bxa4 31. Kf2 h6 32. Ke3 Ke7 33. Kf4 Bc6 34. Kg4 d4 35.
Kf4 Bxg2 36. Be4 g5+ 0-1

[Event "*** Titled Tuesday Blitz"]
[Site "Chess.com"]
[Date "2018.11.06"]
[Round "3"]
[White "GrigorGrigorov"]
[Black "severomorskij"]
[Result "0-1"]
[WhiteElo "2670"]
[BlackElo "2718"]
[TimeControl "180+2"]
[EndTime "13:36:34 PST"]
[Termination "severomorskij won by resignation"]

1. d4 Nf6 2. c4 e6 3. Nf3 Bb4+ 4. Bd2 c5 5. Bxb4 cxb4 6. e3 O-O 7. Be2 d6 8. O-O Nc6 9. a3 bxa3 10. Rxa3 e5 11.
Nc3 Bg4 12. h3 Bh5 13. Qd2 Re8 14. Rd1 e4 15. Ne1 Bxe2 16. Nxe2 h6 17. b4 a6 18.
Rb1 Qd7 19. Nc2 Ne7 20. b5 axb5 21. Rxb5 Rxa3 22. Nxa3 Ra8 23. Qb2 Ra7 24. Rb6 Qa4 25. Nb5 Qd1+ 26. Kh2 Ra1 27. Nxd6 Qh1+ 28. Kg3 Nh5+ 29.
Kh4 Qxg2 30. Qb5 g5+ 0-1

[Event "*** Titled Tuesday Blitz"]
[Site "Chess.com"]
[Date "2018.11.06"]
[Round "3"]
[White "ViktorMatviishen"]
[Black "Peroncio"]
[Result "1-0"]
[WhiteElo "2449"]
[BlackElo "2633"]
[TimeControl "180+2"]
[EndTime "13:36:51 PST"]
[Termination "ViktorMatviishen won by resignation"]

1. c4 e6 2. Nc3 d5 3. d4 Nf6 4.
Bg5 Be7 5. e3 O-O 6. Nf3 h6 7.
Bxf6 Bxf6 8. Qc2 c5 9. dxc5 Na6 10. cxd5 Qa5 11. Bxa6 Qxa6 12. d6 Qa5 13. Qd2 Bd7 14. Ne4 Qxd2+ 15. Kxd2 Bxb2 16. Rab1 Ba3 17. Ne5 Ba4 18.
Rxb7 f6 19. Ng6 Rfd8 20. Ne7+ Kh8 21. Rhb1 a5 22. R1b6 f5 23. Nc3 Be8 24. Rc7 Rd7 25. Rxd7 Bxd7 26. c6 Bxd6 27. Ng6+ Kh7 28. cxd7 Bxh2 29.
Rxe6 Rd8 30. Nd5 Rxd7 31. Nf8+ 1-0

[Event "*** Titled Tuesday Blitz"]
[Site "Chess.com"]
[Date "2018.11.06"]
[Round "3"]
[White "Phelathegreat"]
[Black "Quiet_Desperation"]
[Result "0-1"]
[WhiteElo "2342"]
[BlackElo "2337"]
[TimeControl "180+2"]
[EndTime "13:37:01 PST"]
[Termination "Quiet_Desperation won by resignation"]

1. d4 Nf6 2. c4 e6 3. Nf3 Bb4+ 4. Bd2 Qe7 5. g3 Nc6 6. Bg2 Bxd2+ 7. Nbxd2 d6 8. O-O e5 9. d5 Nb8 10. e4 O-O 11. Ne1 c6 12. Nd3 cxd5 13. cxd5 Bd7 14. f4 Bb5 15. Qb3 Bxd3 16. Qxd3 Na6 17. fxe5 Qxe5 18. Nc4 Qe7 19. b4 Nxb4 20. Qc3 Na6 21. e5 dxe5 22. d6 Qd8 23. Bxb7 Nc5 24. Bxa8 Qxa8 25.
Qxe5 Qc6 26. Qd4 Ne6 27. Qd3 Ng5 28. h4 Qc5+ 29. Kh2 Ng4+ 30. Kg2 Qc6+ 31. Rf3 Nxf3 32. Qxf3 Qxc4 33. d7 Qc2+ 34. Kh3 h5 35. Qg2 Qf5 0-1

[Event "*** Titled Tuesday Blitz"]
[Site "Chess.com"]
[Date "2018.11.06"]
[Round "3"]
[White "sergiochess83"]
[Black "biostatistician"]
[Result "1/2-1/2"]
[WhiteElo "2774"]
[BlackElo "2651"]
[TimeControl "180+2"]
[EndTime "13:37:02 PST"]
[Termination "Game drawn by agreement"]

1. e4 e6 2. d4 d5 3. Nd2 Nc6 4. Ngf3 Nf6 5. e5 Ne4 6. Bd3 Nxd2 7. Bxd2 Nb4 8. Bxb4 Bxb4+ 9. c3 Be7 10. Qc2 h6 11. O-O c5 12. Qe2 Bd7 13. dxc5 Bxc5 14. b4 Be7 15.
Nd4 a5 16. Qg4 O-O 17. f4 axb4 18. f5 exf5 19. Bxf5 Bc8 20. cxb4 Bxb4 21. Bxc8 Rxc8 22. e6 fxe6 23. Nxe6 Rxf1+ 24. Rxf1 Qd7 25. Qxb4 Qxe6 26. Qxb7 d4 27. Qb3 Qxb3 28. axb3 Rc3 29. Rd1 d3 30. b4 Rb3 31. Kf2 Kf7 32. Ke3 Rxb4 33. Rxd3 1/2-1/2

[Event "*** Titled Tuesday Blitz"]
[Site "Chess.com"]
[Date "2018.11.06"]
[Round "3"]
[White "juniortay"]
[Black "Alohamora11"]
[Result "0-1"]
[WhiteElo "2380"]
[BlackElo "2318"]
[TimeControl "180+2"]
[EndTime "13:37:10 PST"]
[Termination "Alohamora11 won by resignation"]

1. e4 c5 2. Nc3 g6 3. f4 Nc6 4.
Nf3 Bg7 5. Bc4 e6 6. f5 Nge7 7. fxe6 dxe6 8. d3 O-O 9. O-O Nd4 10. Bg5 h6 11. Bh4 Nxf3+ 12. Qxf3 g5 13. Bf2 b6 14.
Qh5 Ng6 15. Kh1 Bb7 16. Bxe6 Nf4 17. Bxf7+ Rxf7 18. Qg4 Qc8 19. Qg3 Be5 20. Qe3 Qe6 21. Bg3 Raf8 22. Rf3 Nxg2 0-1

[Event "*** Titled Tuesday Blitz"]
[Site "Chess.com"]
[Date "2018.11.06"]
[Round "3"]
[White "gmcorrales"]
[Black "PelinGorki"]
[Result "0-1"]
[WhiteElo "2729"]
[BlackElo "2625"]
[TimeControl "180+2"]
[EndTime "13:37:14 PST"]
[Termination "PelinGorki won by resignation"]

1. e4 c5 2. Nf3 d6 3. d4 cxd4 4.
Nxd4 Nf6 5. Nc3 Bd7 6. Bc4 e6 7. Bb3 a6 8. f4 Nc6 9. Be3 Nxd4 10. Qxd4 Bc6 11. O-O-O Be7 12. g4 Qa5 13. g5 Nh5 14. h4 O-O 15. Rhe1 b5 16. a3 Rab8 17. Qd2 b4 18.
Na2 Bxe4 19. Nxb4 Rfc8 20. Bd4 d5 21. Bc3 Qb5 22. Rxe4 dxe4 23. Qd4 Rd8 24. Qxe4 Rxd1+ 25. Kxd1 Qf1+ 26. Be1 Bxb4 27. axb4 Qxf4 28. Qc6 Rd8+ 29. Ke2 Ng3+ 30. Bxg3 Rd2+ 31. Ke1 Qe3+ 32. Kf1 Qe2+ 33.
Kg1 Rd1+ 0-1

[Event "*** Titled Tuesday Blitz"]
[Site "Chess.com"]
[Date "2018.11.06"]
[Round "3"]
[White "TST2014"]
[Black "dmjjmd"]
[Result "1-0"]
[WhiteElo "2498"]
[BlackElo "2313"]
[TimeControl "180+2"]
[EndTime "13:37:18 PST"]
[Termination "TST2014 won by resignation"]

1. d4 Nf6 2. c4 e6 3. Nf3 d5 4. Nc3 a6 5. c5 c6 6. Bf4 Nbd7 7. e3 b5 8. cxb6 Qxb6 9. Qc2 c5 10. Be2 cxd4 11.
exd4 Bd6 12. Bxd6 Qxd6 13. O-O O-O 14. Bd3 Bb7 15. Rfe1 Rac8 16. Ne5 Qb4 17. Bxh7+ Nxh7 18. Nxd7 Rfd8 19. Nc5 Rxc5 20. dxc5 Qxc5 21. Qb3 Ba8 22. Rac1 d4 23. Ne4 Qf5 24. Qb6 Rf8 25. Qxd4 Qg6 26.
f3 Nf6 27. Nxf6+ gxf6 28. Qf2 Bd5 29. b3 Qf5 30. Red1 Kh8 31. Rd4 Rg8 32. Rh4+ 1-0

[Event "*** Titled Tuesday Blitz"]
[Site "Chess.com"]
[Date "2018.11.06"]
[Round "3"]
[White "Chopper1905"]
[Black "pastouche06"]
[Result "1-0"]
[WhiteElo "2672"]
[BlackElo "2436"]
[TimeControl "180+2"]
[EndTime "13:37:24 PST"]
[Termination "Chopper1905 won by resignation"]

1. d4 Nf6 2. c4 e6 3. Nf3 d5 4.
Bg5 Nbd7 5. e3 h6 6. Bh4 Be7 7. Nc3 O-O 8. Rc1 c5 9. dxc5 dxc4 10. c6 bxc6 11. Bxc4 Nb6 12. Be2 c5 13. O-O Bb7 14. Ne5 Qxd1 15. Rfxd1 Rfd8 16. f3 Rxd1+ 17. Rxd1 Rd8 18.
Rxd8+ Bxd8 19. Nb5 Nc8 20. e4 g5 21. Bf2 Be7 22.
Nc4 Nd7 23. Na5 Ba6 24. Nc6 Bf6 25. b3 Ndb6 26. Bxc5 1-0

[Event "*** Titled Tuesday Blitz"]
[Site "Chess.com"]
[Date "2018.11.06"]
[Round "3"]
[White "Manukyan_Artak"]
[Black "Samuray111"]
[Result "0-1"]
[WhiteElo "2417"]
[BlackElo "2603"]
[TimeControl "180+2"]
[EndTime "13:37:25 PST"]
[Termination "Samuray111 won by resignation"]

1. e4 c6 2. d4 g6 3. c4 Bg7 4. Nc3 d6 5. Bg5 Qb6 6. Nge2 Qxb2 7. Rb1 Qa3 8. Rb3 Qa5 9. f4 Be6 10. Rxb7 Bxc4 11. Qd2 Nd7 12. Nc1 Bxf1 13. Rxf1 Qa6 14. Rb2 Nb6 15. Nb3 Nf6 16. e5 dxe5 17. fxe5 Nfd5 18.
Nc5 Qc4 19. Nxd5 Qxd5 20. Rb3 O-O 21. Bxe7 Rfe8 22. Bd6 Qxd6 23. Rbf3 Bxe5 24. dxe5 Rxe5+ 25. Re3 Qxc5 0-1

[Event "*** Titled Tuesday Blitz"]
[Site "Chess.com"]
[Date "2018.11.06"]
[Round "3"]
[White "TheNomNomFactor"]
[Black "ZuchBolt"]
[Result "0-1"]
[WhiteElo "2336"]
[BlackElo "2272"]
[TimeControl "180+2"]
[EndTime "13:37:29 PST"]
[Termination "ZuchBolt won by resignation"]

1. d4 d5 2. c4 c6 3. Nf3 Nf6 4. Nc3 dxc4 5. a4 Bf5 6. e3 e6 7. Bxc4 Bb4 8. O-O Nbd7 9. Nh4 Bg4 10. f3 Bh5 11. e4 Nxe4 12. Nxe4 Qxh4 13. Bg5 Qxe4 14.
fxe4 Bxd1 15. Raxd1 Nb6 16. Bb3 O-O 17. Be3 Rad8 18.
d5 cxd5 19. Bxb6 axb6 20. exd5 Bc5+ 21. Kh1 e5 22. Rf5 e4 23. g4 e3 24. Kg2 Rfe8 25. d6 e2 26. Bxf7+ Kh8 27. Re1 Re4 28. h3 g6 29. Rd5 Bb4 30. Kf2 Rf4+ 31. Kxe2 Bxe1 32.
Kxe1 Rxf7 0-1

[Event "*** Titled Tuesday Blitz"]
[Site "Chess.com"]
[Date "2018.11.06"]
[Round "3"]
[White "narutosmith"]
[Black "m3alam"]
[Result "1-0"]
[WhiteElo "2209"]
[BlackElo "2121"]
[TimeControl "180+2"]
[EndTime "13:37:32 PST"]
[Termination "narutosmith won by resignation"]

1. e4 c6 2. d4 d5 3. e5 Bf5 4.
Nd2 e6 5. Nb3 Nd7 6. a4 f6 7.
Nf3 Ne7 8. Be2 Ng6 9. a5 fxe5 10.
dxe5 Ndxe5 11. Nbd4 Nxf3+ 12. Bxf3 Bc5 13. a6 b6 14. g4 Nh4 15. gxf5 Bxd4 16. Bh5+ g6 17. Qxd4 O-O 18. fxg6 hxg6 19. Rg1 Kh7 20. Bg5 gxh5 21. Qd3+ Nf5 22. Bxd8 Raxd8 23. O-O-O e5 24. Rg5 e4 25. Qh3 Nh6 26. Rxh5 Rf6 27. Rg1 Rdd6 28. Rhg5 1-0